AoeStats
← fatcat15513

Black Forest

507938048Analyzed
4v4 RM · 10d ago on Sep 20, 2026· 34m 17s· 8 players
Game mode
Random Map
Map size
Large (8 player)
Population
200
Speed
Normal
Resources
Standard
Victory
Conquest
Starting age
Dark Age
Ending age
Imperial Age
RankedLock teamsTeams togetherTeam positionsShared explorationLock speedFull tech treeHidden civsTurbo modeCheats
Victory
Defeat
🇹🇼 Britons · Taiwan
1280
+14
🇹🇼 Bulgarians · Taiwan
1220
+17
🇦🇺 Turks · Australia
1195
+18
🇹🇼 Ethiopians · Taiwan
1141
+20
🇮🇹 Franks · Italy
1274
-19
🇦🇺 Saracens · Australia
1239
-17
🇪🇸 Franks · Spain
1236
-17
🇹🇼 Georgians · Taiwan
1204
-16
韓國魚
1:54 Loom
12:18 Feudal Age
14:05 Double-Bit Axe
16:45 Castle Age
14:28 Horse Collar
14:41 Fishing Lines
17:52 Bow Saw
19:55 Gillnets
20:42 Heavy Plow
25:04 Wheelbarrow
27:29 Hand Cart
30:33 Imperial Age
28:10 Gold Mining
28:10 Stone Mining
29:14 Scale Barding Armor
29:20 Forging
29:41 Town Watch
30:35 Bloodlines
30:25 Husbandry
31:36 Chain Barding Armor
31:52 Iron Casting
30:41 Elite Monaspa
32:19 Conscription
32:56 Aznauri Cavalry
33:09 Svan Towers
33:46 Plate Barding Armor
35:14 Blast Furnace
Olkem
0:33 Loom
12:04 Feudal Age
12:39 Town Watch
12:43 Double-Bit Axe
17:06 Castle Age
15:56 Gold Mining
16:43 Wheelbarrow
16:46 Stone Mining
17:38 Fletching
18:42 Bow Saw
21:06 Hand Cart
22:24 Scale Mail Armor
25:28 Forging
26:42 Squires
27:14 #83
28:09 Chain Mail Armor
28:53 Iron Casting
29:23 Masonry
30:26 Ballistics
30:46 Arson
30:46 Gambesons
32:01 Gold Shaft Mining
32:27 Pikeman
33:31 Padded Archer Armor
JorgeQuins
0:53 Loom
12:50 Feudal Age
14:50 Wheelbarrow
14:03 Double-Bit Axe
17:27 Castle Age
17:27 Scale Barding Armor
17:34 Forging
Jimi
0:46 Loom
10:01 Feudal Age
10:48 Double-Bit Axe
12:33 Fletching
15:36 Horse Collar
bimurock
5:44 Loom
11:27 Feudal Age
12:42 Double-Bit Axe
15:27 Castle Age
13:36 Stone Mining
15:13 Wheelbarrow
15:14 Gold Mining
17:31 Fletching
23:41 Bow Saw
25:47 Hand Cart
25:47 Horse Collar
26:26 Scale Barding Armor
26:32 Forging
27:40 Fervor
28:03 Heavy Plow
29:40 Murder Holes
29:55 Bodkin Arrow
30:46 Gold Shaft Mining
30:46 Stone Shaft Mining
30:57 Bloodlines
30:47 Husbandry
31:53 Iron Casting
31:39 Chain Barding Armor
33:51 Stirrups
fatcat15513
11:11 Feudal Age
15:14 Castle Age
13:07 Double-Bit Axe
13:16 Horse Collar
16:10 Wheelbarrow
16:21 Bow Saw
20:44 Loom
20:46 Fishing Lines
22:40 Gold Mining
23:39 Gillnets
25:19 Heavy Plow
29:05 Imperial Age
26:59 Scale Mail Armor
27:09 Forging
27:20 Scale Barding Armor
28:11 Hand Cart
28:48 Gold Shaft Mining
28:15 Husbandry
28:54 Iron Casting
28:32 Town Watch
28:37 Light Cavalry
29:49 Chain Barding Armor
29:09 Heavy Camel Rider
31:01 Blast Furnace
31:00 Royal Heirs
31:20 Conscription
31:32 Stone Mining
31:58 Town Patrol
34:26 Chemistry
33:47 Ballistics
33:32 Siege Engineers
32:55 Hussar
LocalMomsHelper
0:41 Loom
11:14 Feudal Age
15:52 Castle Age
18:34 Horse Collar
18:48 Double-Bit Axe
22:44 Bow Saw
22:21 Horse Collar
26:49 Wheelbarrow
26:00 Town Watch
26:38 Gold Mining
26:46 Stone Mining
27:01 Heavy Plow
28:29 Gold Shaft Mining
31:22 Imperial Age
29:55 Fletching
30:06 Padded Archer Armor
31:17 Treadmill Crane
31:58 Ballistics
32:12 Bodkin Arrow
32:32 Leather Archer Armor
33:03 Bracer
34:18 Chemistry
33:29 Masonry
35:25 Ring Archer Armor
Sims_doc
1:40 Loom
12:44 Feudal Age
18:13 Castle Age
16:21 Double-Bit Axe
23:23 Imperial Age
22:04 Padded Archer Armor
23:38 Wheelbarrow
26:45 Horse Collar
26:57 Gold Mining
33:43 Leather Archer Armor
Connection lost

Rejoining the realm…

Still unreachable

The connection could not be restored.

Session expired

The server has moved on; the page needs a fresh start.